 Dungeon Crawl Stone Soup version 0.27-a0-1136-g0b992a5a9d (webtiles) character file.

Game seed: 5091821195166847360

396 voltaire321 the Poker (level 6, -2/48 HPs)
             Began as a Merfolk Gladiator on May 5, 2021.
             Was an Initiate of the Shining One.
             Slain by Blork the orc
             ... wielding a +0 scimitar
              (13 damage)
             ... on level 3 of the Dungeon.
             The game lasted 00:13:01 (5081 turns).

voltaire321 the Poker (Merfolk Gladiator)           Turns: 5081, Time: 00:13:02

Health: -2/48      AC:  7    Str: 14    XL:     6   Next: 83%
Magic:  7/7        EV: 14    Int: 10    God:    the Shining One [......]
Gold:   180        SH:  0    Dex: 15    Spells: 5/5 levels left

rFire    . . .     SeeInvis .   a - +1 trident
rCold    . . .     Faith    .   (no shield)
rNeg     . . .     Spirit   .   b - +0 leather armour
rPois    .         Reflect  .   c - +0 helmet
rElec    .         Harm     .   (no cloak)
rCorr    .         Rampage  .   q - +2 pair of gloves
Will     .....                  (no boots)
Stlth    +.........             (no amulet)
HPRegen  0.16/turn              (no ring)
MPRegen  0.10/turn              (no ring)

@: glowing
A: (nimble swimmer 2), mertail
a: Renounce Religion


You were on level 3 of the Dungeon.
You worshipped the Shining One.
The Shining One was noncommittal.
You visited 2 branches of the dungeon, and saw 5 of its levels.

You collected 180 gold pieces.

Inventory:

Hand Weapons
 a - a +1 trident (weapon)
Missiles
 d - 3 throwing nets
 n - 22 poisoned darts (quivered)
Armour
 b - a +0 leather armour (worn)
 c - a +0 helmet (worn)
 q - a +2 pair of gloves (worn)
Wands
 f - a wand of flame (13)
Scrolls
 j - a scroll of identify
 k - a scroll of acquirement {unknown}
 l - a scroll of magic mapping {unknown}
Potions
 g - 2 potions of resistance {unknown}
 h - 2 potions of attraction {unknown}
 i - a potion of curing
 m - 3 potions of heal wounds {unknown}
 o - a potion of degeneration {unknown}
 p - a potion of cancellation {unknown}
 r - a potion of lignification {unknown}


   Skills:
 + Level 3.9 Fighting
 + Level 6.2 Polearms
 + Level 3.5 Throwing
 + Level 1.1 Armour
 + Level 5.8 Dodging
 + Level 1.8 Invocations


You had 5 spell levels left.
You didn't know any spells.
Your spell library was empty.

Dungeon Overview and Level Annotations

Branches:
Dungeon (4/15)             Temple (1/1) D:4

Altars:
Ashenzari
Elyvilon
Vehumet
Xom
The Shining One

Annotations:
D:3 Blork the orc, Edmund


Innate Abilities, Weirdness & Mutations

((You are quick and stealthy near water. (Stealth+, EV+, Speed+++)))
Your lower body shifts to a powerful aquatic tail in water.


Message History

You see here a poisoned dart.
n - 22 poisoned darts (gained 1) Blork the orc looks braver for a moment.
The jackal closely misses you.
Blork the orc gestures wildly while chanting.
Blork the orc seems to speed up.
You hit the jackal.
You kill the jackal!
Blork the orc barely misses you. Blork the orc barely misses you.
The centaur shoots an arrow.
The arrow closely misses you.
The centaur shoots an arrow.
The arrow hits you! Blork the orc barely misses you.
Blork the orc gestures at you while chanting.
The magic dart hits you!
The centaur shoots an arrow.
The arrow barely misses you.
The centaur shoots an arrow.
The arrow hits you! Blork the orc misses you.
There is a stone staircase leading up, spattered with blood here.
The centaur shoots an arrow.
The arrow misses you. Blork the orc barely misses you.
The centaur shoots an arrow.
The arrow misses you.
You climb upwards.
Level annotation: Edmund
There is a stone staircase leading down here.
Blork the orc hits you but does no damage.
Blork the orc hits you with a +0 scimitar!
* * * LOW HITPOINT WARNING * * *
Blork the orc barely misses you. Blork the orc casts a spell at you.
The puff of frost hits you.
* * * LOW HITPOINT WARNING * * *
You feel better. Blork the orc barely misses you.
As you read the scroll labelled GAXOAX UVICH, it crumbles to dust.
You hear a loud clanging noise!
It was a scroll of noise.
Blork the orc closely misses you.
Blork the orc hits you with a +0 scimitar!
* * * LOW HITPOINT WARNING * * *
You feel better.
Blork the orc hits you with a +0 scimitar!
You die...

.######......####.#####.#........
.###.#.......# #..# #.#.##.####
.....#.#..#..#####.####.#.##.#
####.#....#..##.......###....#
#.#...##.##..8...8..#######
#.#......#...........#
#.#....###.....8.....#
####.#......#..>.....>..#
...#.#.....##...@o8.....#########
##.#.#......#...........#........
##.#.#########..8...8..##########
...#.........##.......##.........
##.#.############################
#####


You could see Blork the orc (fast).

Vanquished Creatures
  An ogre (D:4)
  A bullfrog (D:3)
  Ijyb (D:4)
  Natasha (thrice) (D:3)
  4 adders (D:2)
  A worm (D:4)
  5 dart slugs
  2 orcs (D:3)
  12 ball pythons
  3 bats
  2 endoplasms
  5 giant cockroaches
  3 goblins
  5 hobgoblins
  19 jackals
  2 quokkas (D:3)
  6 frilled lizards
  6 kobolds
  10 rats
91 creatures vanquished.

Notes
Turn   | Place    | Note
-------+----------+-------------------------------------------
     0 | D:1      | voltaire321 the Merfolk Gladiator began the quest for the
                  | Orb.
     0 | D:1      | Reached XP level 1. HP: 16/16 MP: 1/1
   241 | D:1      | Reached XP level 2. HP: 21/23 MP: 2/2
   496 | D:1      | Reached XP level 3. HP: 14/28 MP: 3/3
   914 | D:1      | Found a faded altar of an unknown god.
  1085 | D:1      | Reached skill level 5 in Polearms
  1813 | D:2      | Reached XP level 4. HP: 29/35 MP: 4/4
  2410 | D:2      | Reached skill level 5 in Dodging
  2994 | D:3      | Found a white marble altar of Elyvilon.
  2997 | D:3      | Found a broken altar of Ashenzari.
  3003 | D:3      | Found a radiant altar of Vehumet.
  3003 | D:3      | Found a shimmering altar of Xom.
  3006 | D:3      | Found a glowing golden altar of the Shining One.
  3065 | D:3      | Became a worshipper of the Shining One
  3086 | D:3      | Reached XP level 5. HP: 41/41 MP: 5/5
  3114 | D:3      | Reached skill level 1 in Invocations
  3271 | D:3      | Noticed Natasha
  3280 | D:3      | Killed Natasha
  3346 | D:3      | Noticed Natasha
  3355 | D:3      | Killed Natasha
  3356 | D:3      | Reached XP level 6. HP: 27/47 MP: 6/6
  4148 | D:3      | Noticed Natasha
  4159 | D:3      | Killed Natasha
  4324 | D:4      | Reached skill level 6 in Polearms
  4335 | D:4      | Noticed Edmund
  4683 | D:4      | Reached skill level 1 in Armour
  4843 | D:4      | Found a staircase to the Ecumenical Temple.
  4857 | Temple   | Entered the Ecumenical Temple
  4862 | D:4      | Noticed Ijyb
  4880 | D:4      | Killed Ijyb
  5054 | D:4      | Noticed Blork the orc
  5081 | D:3      | Slain by Blork the orc

Illustrated notes

Levels and vault maps discovered:
D:1:      giann_forest_graveyard, layout_basic, ebering_ecumenical_altar_mist,
          minmay_door_square, st_stairs_10, minivault_11
D:2:      layout_basic, minmay_pentomino_z4
D:3:      layout_basic, grunt_temple_overflow_open, grunt_ministairs_10,
          uniq_natasha
D:4:      layout_basic, marbit_many_paths, minmay_temple_entry_hall,
          serial_bayou_pond_a, minivault_19, uniq_edmund, uniq_blork_the_orc,
          uniq_ijyb
Temple:   corrupted_temple

Skill      XL: |  1  2  3  4  5  6 |
---------------+-------------------+-----
Polearms       | 5 6 |  6.2
Fighting       | 3 |  3.9
Dodging        | 5 |  5.8
Throwing       | 3 |  3.5
Invocations    | 1 |  1.8
Armour         | 1 |  1.1

Action                   |  1- 3 |  4- 6 || total
-------------------------+-------+-------++-------
Melee: Trident           |   137 |   195 ||   332
Throw: Dart              |       |    19 ||    19
  Use: Scroll            |       |     5 ||     5
       Potion            |       |     4 ||     4
 Stab: Sleeping          |       |     1 ||     1
Armor: Leather armour    |    32 |    43 ||    75
Dodge: Dodged            |    87 |   129 ||   216

Table legend: (Time is in decaauts)
 A = Elapsed time spent in this place.
 B = Non-inter-level travel time spent in this place.
 C = Inter-level travel time spent in this place.
 D = Time resting spent in this place.
 E = Time spent auto-exploring this place.
 F = Levels seen in this place.
 G = Mean time per level.
                   A        B        C        D        E       F      G
               +--------+--------+--------+--------+--------+-----+--------+
         Total |   5099 |   4999 |    100 |   1042 |   3101 |   5 | 1019.8 |
       Dungeon |   5097 |   4997 |    100 |   1042 |   3101 |   4 | 1274.2 |
        Temple |      1 |      1 |      0 |      0 |      0 |   1 |    1.0 |
               +--------+--------+--------+--------+--------+-----+--------+

Top non-repeatable levels by time:
     D:1: 1702 daAuts
     D:3: 1584 daAuts
     D:2: 1291 daAuts
     D:4: 518 daAuts
  Temple: 1 daAuts
